 Dungeon Crawl Stone Soup version 0.14-a0-1844-g8283a67 (webtiles) character file.

215 Piginabag the Skirmisher (level 4, -2/38 HPs)
             Began as a Demonspawn Monk on Jan 12, 2014.
             Slain by Piginabag's ghost (3 damage)
             ... on Level 3 of the Dungeon.
             The game lasted 00:06:17 (2293 turns).

Piginabag the Skirmisher (Demonspawn Monk)          Turns: 2293, Time: 00:06:18

HP  -2/38        AC  9     Str 13      XL: 4   Next: 35%
MP   4/4         EV  5     Int 11      God:
Gold 123         SH  0     Dex 15      Spells:  0 memorised,  3 levels left

rFire  . . .     SeeInvis .     e - +0,+1 orc mace
rCold  . . .     Clarity  .     g - +0 chain mail
rNeg   . . .     Conserve .     (no shield)
rPois  .         rCorr    .     n - +0 helmet
rElec  .         rRot     .     (no cloak)
SustAb . .       Spirit   .     (no gloves)
rMut   .         Warding  .     (no boots)
Saprov . . .     Stasis   .     (no amulet)
                                (no ring)
                                (no ring)

@: slightly resistant to hostile enchantments, extremely unstealthy
A: powered by death 1
a: no special abilities


You were on level 3 of the Dungeon.
You were very hungry.

You visited 1 branch of the dungeon, and saw 3 of its levels.

You collected 123 gold pieces.

Inventory:

Hand weapons
 e - a +0,+1 orcish mace (weapon)
Armour
 g - a +0 chain mail (worn)
 n - a +0 helmet (worn)
Comestibles
 b - 2 bread rations
 i - 2 pears
Scrolls
 c - 5 scrolls of remove curse {unknown}
 d - a scroll of blinking {unknown}
 f - 2 scrolls of curse weapon {unknown}
 l - a scroll of identify {unknown}
Potions
 j - 2 potions of heal wounds {unknown}
 k - a potion of might {unknown}
 m - a potion of poison {unknown}


   Skills:
 + Level 4.7 Fighting
 + Level 1.5 Armour
 - Level 2.6 Dodging
 - Level 1.7 Stealth
 - Level 3.6 Unarmed Combat


You had 3 spell levels left.
You didn't know any spells.

Dungeon Overview and Level Annotations

Branches:
Dungeon (3/16)

Altars:
the Shining One

Annotations:
D:3 Piginabag's ghost, average OpWz


Innate Abilities, Weirdness & Mutations

You can steal the life force of nearby defeated enemies.


Message History

Piginabag's ghost hits you but does no damage.
Piginabag's ghost gestures at you while chanting.
The magic dart hits you!
* * * LOW HITPOINT WARNING * * *
Piginabag's ghost points at you and mumbles some strange words.
The magic dart hits you!
* * * LOW HITPOINT WARNING * * *
Drink which item? (? for menu, Esc to quit)
You feel better.
Piginabag's ghost points at you and mumbles some strange words.
The magic dart hits you!
* * * LOW HITPOINT WARNING * * *
Piginabag's ghost hits you.
* * * LOW HITPOINT WARNING * * *
You closely miss Piginabag's ghost.
Piginabag's ghost is almost destroyed.
Piginabag's ghost hits you but does no damage.
Piginabag's ghost whispers, "It is all a dream - a grotesque and foolish dream."
Piginabag's ghost hits you.
You die...

♣♣♣ ♣♣♣. #####.##
##########+###.......
#...........#........
#...........#.....<..
#........[...........
#...(.......##.......
#...@.......##.......
#...p...=?..##...[...
#...........##.......
#...........#########
#############


You could see Piginabag's ghost.

Vanquished Creatures
  Jessica (D:2)
  Terence (D:2)
  2 adders (D:2)
  2 giant geckos
  3 orcs (D:2)
  3 giant cockroaches
  9 goblins
  7 hobgoblins
  2 kobolds
  A quokka (D:2)
  5 bats
  A giant newt (D:2)
  3 rats
40 creatures vanquished.

Notes
Turn   | Place    | Note
--------------------------------------------------------------
     0 | D:1      | Piginabag, the Demonspawn Monk, began the quest for the Orb.
     0 | D:1      | Reached XP level 1. HP: 18/18 MP: 1/1
   254 | D:1      | Gained mutation: You can steal the life force of nearby defeated enemies. [demonic ancestry]
   254 | D:1      | Reached XP level 2. HP: 24/24 MP: 2/2
  1125 | D:2      | Noticed Jessica
  1137 | D:2      | Killed Jessica
  1137 | D:2      | Reached skill level 4 in Fighting
  1137 | D:2      | Reached XP level 3. HP: 14/30 MP: 3/3
  1289 | D:2      | Noticed Terence
  1392 | D:2      | Reached skill level 1 in Armour
  1504 | D:2      | Killed Terence
  1504 | D:2      | Reached XP level 4. HP: 18/38 MP: 4/4
  1592 | D:2      | Found a glowing golden altar of the Shining One.
  2267 | D:3      | Noticed Piginabag's ghost (average OpWz)
  2292 | D:3      | HP: 1/38 [Piginabag's ghost (1)]
  2293 | D:3      | Slain by Piginabag's ghost

Action                   |  1- 3 |  4- 6 || total
-------------------------+-------+-------++-------
Melee: Unarmed           |   140 |       ||   140
       Mace              |       |    75 ||    75
  Use: Potion            |     2 |     1 ||     3
 Stab: Sleeping          |     2 |       ||     2
